 Dungeon Crawl Stone Soup version 0.30-a0-948-g4fa250aae5 (webtiles) character file.

Game seed: 18331540785402079765

27703 bearlyready the Severer (level 13, -16/112 HPs)
             Began as an Armataur Berserker on Mar 27, 2023.
             Was a High Priest of Trog.
             Demolished by a large abomination (30 damage)
             ... on level 1 of the Abyss.
             The game lasted 00:27:27 (11697 turns).

bearlyready the Severer (Armataur Berserker)       Turns: 11697, Time: 00:27:28

Health: -16/112    AC: 15    Str: 32    XL:     13   Next: 5%
Magic:  13/13      EV: 12    Int: 10    God:    Trog [*****.]
Gold:   2129       SH:  0    Dex: 10    Spells: 12/12 levels left

rFire   + . .      SeeInvis .    N - +5 war axe (vamp)
rCold   + . .      Faith    .    (no shield)
rNeg    . . .      Spirit   .    a - +0 ring mail of Creativity {rF++ Str+5 Int+2}
rPois   .          Reflect  .    h - +2 hat of Noughts and Crosses {+Blink Slay+2}
rElec   .          Roll     +    L - +0 cloak
rCorr   .                        Q - +1 pair of gloves
Will    .....                    n - +0 barding Stlth
                                 A - amulet of the acrobat
HPRegen 0.00/turn                G - +4 ring of slaying
MPRegen 0.13/turn                e - +5 ring of evasion

@: about to teleport, sick
A: large, rugged brown scales 3, deformed body, armoured tail, roll, long
tongue, awkward tongue, cold resistance 1, heat vulnerability 1
a: Renounce Religion, Evoke Blink, Berserk, Trog's Hand, Brothers in Arms


You were on level 1 of the Abyss.
You worshipped Trog.
Trog was extremely pleased with you.
You visited 1 branch of the dungeon, and saw 12 of its levels.
You visited the Abyss 1 time.
You also visited: Ossuary, Bailey and Gauntlet.

You collected 2554 gold pieces.
You spent 425 gold pieces at shops.

Inventory:

Hand Weapons
 m - the +8 executioner's axe of Hiczoico {flame, rPois}
   (Trog gifted it to you on level 10 of the Dungeon)

   rPois:     It protects you from poison.
 N - a +5 vampiric war axe (weapon)
 R - the +6 hand axe of the Brain {drain, rF++ rN+ Int+2}
   (You found it on level 7 of the Dungeon)

   Int:       It affects your intelligence (+2).
   rF:        It greatly protects you from fire.
   rN:        It protects you from negative energy.
 W - a +0 broad axe
Missiles
 g - 65 poisoned darts (quivered)
 l - 2 throwing nets
 y - 22 boomerangs
 J - 5 curare-tipped darts
Armour
 a - the +0 ring mail of Creativity (worn) {rF++ Str+5 Int+2}
   (You found it on level 12 of the Dungeon)

   Str:       It affects your strength (+5).
   Int:       It affects your intelligence (+2).
   rF:        It greatly protects you from fire.
 b - a +2 robe of resistance
 h - the +2 hat of Noughts and Crosses (worn) {+Blink Slay+2}
   (You found it in a Gauntlet)

   Slay:      It affects your accuracy & damage with ranged weapons and melee
   (+2).
   +Blink:    It lets you blink.
 n - a +0 barding (worn)
 L - a +0 cloak (worn)
 Q - a +1 pair of gloves (worn)
Jewellery
 e - a +5 ring of evasion (right hand)
 p - a ring of flight
 A - an amulet of the acrobat (around neck)
 B - a ring of protection from fire
 G - a +4 ring of slaying (left hand)
Wands
 t - a wand of flame (20)
 C - a wand of mindburst (6)
 T - a wand of light (10)
 V - a wand of polymorph (10)
 Y - a wand of charming (4)
Scrolls
 d - 4 scrolls of poison
 f - 10 scrolls of noise
 o - 3 scrolls of fear
 q - a scroll of magic mapping
 u - 2 scrolls of summoning
 w - 6 scrolls of teleportation
 x - 2 scrolls of fog
 D - 5 scrolls of enchant armour
 I - 2 scrolls of immolation
 O - 5 scrolls of blinking
 S - 2 scrolls of silence
 Z - 2 scrolls of enchant weapon
Potions
 c - 4 potions of curing
 j - a potion of heal wounds
 r - 4 potions of lignification
 s - 2 potions of berserk rage {unknown}
 v - a potion of might
 z - a potion of cancellation {unknown}
 E - 2 potions of ambrosia {unknown}
 F - 2 potions of attraction {unknown}
 H - 4 potions of degeneration
 K - 3 potions of haste {unknown}
 M - 3 potions of mutation
 P - 2 potions of magic {unknown}
 U - 7 potions of flight
Miscellaneous
 i - a tin of tremorstones (2/2)
 k - a condenser vane
 X - a phantom mirror


   Skills:
 + Level 7.1 Fighting
 + Level 16.1 Axes
 - Level 5.0 Throwing
 - Level 2.4 Armour
 - Level 1.3 Dodging
 - Level 7.0 Evocations


You had 12 spell levels left.
You didn't know any spells.
Your spell library was empty.

Dungeon Overview and Level Annotations

Branches:
Dungeon (12/15)            Temple (0/1) D:5            Lair (0/5) D:9
    Orc (0/2) D:11        Ossuary (visited)          Bailey (visited)
Gauntlet (visited)

Altars:
Cheibriados
Elyvilon
Fedhas
Gozag
Hepliaklqana
Makhleb
Nemelex Xobeh
Okawaru
Ru
Trog
Uskayaw
Vehumet
Xom
The Shining One

Shops:
D:5 ?[   D:6 (   D:7 ??(

Annotations:
D:12 Erolcha


Innate Abilities, Weirdness & Mutations

You are completely covered in rugged brown scales. (AC +3, +7% HP)
Armour fits poorly on your strangely shaped body.
You have a long armoured tail.
You roll when moving toward enemies. (Rampage)
Your long tongue fully drains potion bottles. (2x potion effects)
Your tongue gives you trouble enunciating. (1.5x scroll delay)
Your flesh is cold resistant. (rC+)
You are vulnerable to heat. (rF-)


Message History

The ancient zyme is heavily damaged.
The ancient zyme closely misses you. The ancient zyme barely misses you.
You slice the ancient zyme!!
The ancient zyme is almost destroyed.
The ancient zyme hits you. x2
You hit the ancient zyme.
Your tail-slap misses the ancient zyme.
The ancient zyme is almost destroyed.
You slice the ancient zyme!!
You destroy the ancient zyme!
Trog accepts your kill.
Your Evocations skill increases to level 7!
A green ugly thing comes into view.
The green ugly thing gurgles horribly!
The green ugly thing misses you.
You hit the green ugly thing.
You feel better.
The green ugly thing is lightly wounded.
You slash the green ugly thing!
The green ugly thing is moderately wounded.
You slice the large abomination!!
A green very ugly thing comes into view.
The green ugly thing engulfs you.
You are poisoned.
The green ugly thing poisons you!
The green ugly thing attacks as you move away!
The green ugly thing engulfs you but does no damage.
You feel extremely sick.
The large abomination completely misses you.
You feel very sick.
You feel better.
You slurp down every last drop of the potion of curing!
The large abomination hits you!!
* * * LOW HITPOINT WARNING * * *
You hear a horrible gurgling sound! x2
As you slowly read the scroll of teleportation, it crumbles to dust.
You feel strangely unstable.
You feel the power of the Abyss delaying your translocation!
The large abomination hits you!
* * * LOW HITPOINT WARNING * * *
The large abomination hits you!!
You die...

. #..#.#.. .
#.#..... #
##....#.# # #
#......x .#
#..#...### .
# #.
#.##..#.#x
#.##u.###.#
#..#Xu..# ##
#..@##..##.#
#.#..##..#..#
#.#. #..#.#
##...#u#..#
..#..##.#u...
# ...# ....#
# # ... ##.##
....## #.. .#


You could see 2 ugly things and a large abomination.

Vanquished Creatures
  A minotaur (Gauntlet)
  A yellow draconian (Abyss:1)
  A fire dragon (D:10)
  A boulder beetle (D:10)
  Erica (D:9)
  2 centaur warriors (D:10)
  2 two-headed ogres (D:10)
  2 tengu warriors (D:10)
  A fire crab (Gauntlet)
  A death drake (shapeshifter) (D:10)
  A deep troll (shapeshifter) (Gauntlet)
  A deep elf pyromancer (D:10)
  A shining eye (Gauntlet)
  A large abomination (Abyss:1)
  2 ugly things
  3 manticores
  A smoke demon (Abyss:1)
  An orange demon (Abyss:1)
  A rime drake (D:9)
  2 unseen horrors
  2 komodo dragons
  An ancient zyme (Abyss:1)
  7 trolls
  A meliai (D:10)
  A queen bee (shapeshifter) (Gauntlet)
  3 hornets
  A polar bear (D:9)
  Prince Ribbit (D:7)
  A ynoxinul (Abyss:1)
  A yak (shapeshifter) (Abyss:1)
  A small abomination (Abyss:1)
  3 wraiths
  6 yaks
  A wyvern (D:9)
  4 starcursed masses (Abyss:1)
  4 fire bats (Gauntlet)
  A golden eye (Gauntlet)
  2 steam dragons (D:8)
  A swamp worm (shapeshifter) (Gauntlet)
  A vampire mosquito (D:10)
  3 acid dragons
  Duvessa (D:4)
  A floating eye (Gauntlet)
  3 water moccasins
  16 orc warriors
  6 ice beasts
  6 ogres
  3 wolves (D:9)
  9 centaurs
  2 elf zombies (Ossuary)
  4 phantoms
  5 kobold brigands
  5 bullfrogs
  A gnoll sergeant (D:10)
  2 scorpions
  9 wights
  Dowan (D:4)
  2 killer bees (D:10)
  An electric eel (D:12)
  A howler monkey (D:10)
  3 jellies
  4 centaur zombies (Ossuary)
  A human zombie (Ossuary)
  3 iron imps (D:8)
  3 hounds
  9 orc priests
  3 sleepcaps
  Jessica (D:2)
  5 iguanas
  8 orc wizards
  3 mummies (Ossuary)
  Robin (D:2)
  6 gnolls
  10 adders
  A shadow imp (D:6)
  An ufetubus (D:5)
  3 adder zombies (Ossuary)
  A worm (D:5)
  2 dart slugs (D:4)
  51 orcs
  9 ball pythons
  7 bats
  8 endoplasms
  4 giant cockroaches
  4 gnoll zombies (Ossuary)
  16 goblins
  10 hobgoblins
  11 jackals
  4 quokkas
  2 frilled lizards
  3 goblin zombies (Ossuary)
  3 hobgoblin zombies (Ossuary)
  4 jackal zombies (Ossuary)
  25 kobolds
  4 kobold zombies (Ossuary)
  2 orc zombies (Ossuary)
  3 quokka zombies (Ossuary)
  6 rats
  2 rat zombies (Ossuary)
397 creatures vanquished.

Vanquished Creatures (collateral kills)
  A centaur (D:10)
  A kobold brigand (D:8)
2 creatures vanquished.

Vanquished Creatures (others)
  5 fungi (Gauntlet)
  9 plants (Gauntlet)
14 creatures vanquished.

Grand Total: 413 creatures vanquished

Notes
Turn   | Place    | Note
-------+----------+-------------------------------------------
     0 | D:1      | bearlyready the Armataur Berserker began the quest for the
                  | Orb.
     0 | D:1      | Reached XP level 1. HP: 19/19 MP: 1/1
   159 | D:1      | Reached XP level 2. HP: 23/26 MP: 2/2
   160 | D:1      | Reached skill level 3 in Axes
   849 | D:2      | Reached XP level 3. HP: 32/32 MP: 3/3
   926 | D:2      | Noticed Jessica
   931 | D:2      | Killed Jessica
   932 | D:2      | Reached ** piety under Trog
   933 | D:2      | Reached skill level 4 in Axes
   987 | D:2      | Reached XP level 4. HP: 39/39 MP: 4/4
  1266 | D:2      | Noticed Robin
  1273 | D:2      | Killed Robin
  1505 | D:3      | Noticed a phantom
  1519 | D:3      | Killed a phantom
  1520 | D:3      | Reached skill level 5 in Axes
  1520 | D:3      | Reached XP level 5. HP: 40/44 MP: 5/5
  1692 | D:3      | Found a radiant altar of Vehumet.
  1905 | D:3      | Found a shimmering altar of Xom.
  2387 | D:4      | Noticed Duvessa
  2387 | D:4      | Noticed Dowan
  2393 | D:4      | Killed Duvessa
  2394 | D:4      | Reached XP level 6. HP: 53/53 MP: 6/6
  2394 | D:4      | Killed Dowan
  2395 | D:4      | Reached skill level 6 in Axes
  2432 | D:4      | Found an opulent altar of Gozag.
  2579 | D:4      | Reached *** piety under Trog
  2687 | D:4      | Reached XP level 7. HP: 52/59 MP: 7/7
  2949 | D:4      | Found a sparkling altar of Nemelex Xobeh.
  2987 | D:5      | Entered Level 5 of the Dungeon
  3029 | D:5      | Found Tiudapse's Antique Armour Boutique.
  3053 | D:5      | Reached skill level 7 in Axes
  3139 | D:5      | Found a staircase to the Ecumenical Temple.
  3278 | D:5      | Reached skill level 8 in Axes
  3278 | D:5      | Reached XP level 8. HP: 63/66 MP: 8/8
  3621 | D:5      | Found The Oracle's Delphic Readings.
  3625 | D:5      | Bought a scroll of enchant armour for 90 gold pieces
  3625 | D:5      | Bought a scroll of identify for 24 gold pieces
  3625 | D:5      | Bought a scroll of teleportation for 36 gold pieces
  3697 | D:6      | Found a hide-covered altar of Uskayaw.
  3705 | D:6      | Reached skill level 9 in Axes
  4067 | D:6      | Reached skill level 10 in Axes
  4071 | D:6      | Reached **** piety under Trog
  4081 | D:6      | Reached XP level 9. HP: 39/72 MP: 9/9
  4302 | D:6      | Noticed a manticore
  4396 | D:6      | Killed a manticore
  4397 | D:6      | Reached skill level 11 in Axes
  4603 | D:6      | Found a white marble altar of Elyvilon.
  4714 | D:6      | Found Lonosunk's Antique Weapon Shoppe.
  4720 | D:6      | Bought a runed war axe for 136 gold pieces
  4924 | D:7      | Noticed Prince Ribbit
  4926 | D:7      | Found Bowesy's Magic Scroll Boutique.
  4942 | D:7      | Killed Prince Ribbit
  4992 | D:7      | Bought a scroll of blinking for 97 gold pieces
  5168 | D:7      | Found Ojexkau's Antique Weapon Shop.
  5255 | D:7      | Found Jisuosk's Magic Scroll Boutique.
  5260 | D:7      | Bought a scroll of teleportation for 42 gold pieces
  5397 | D:7      | Found a blossoming altar of Fedhas.
  5428 | D:7      | Reached skill level 12 in Axes
  5431 | D:7      | Identified the +6 hand axe of the Brain {drain, rF++ rN+
                  | Int+2}
  5550 | D:8      | Paralysed by a hornet for 1 turns
  5683 | D:8      | Found a snail-covered altar of Cheibriados.
  5749 | D:8      | Found a sand-covered staircase.
  5770 | D:8      | Reached XP level 10. HP: 67/79 MP: 10/10
  5783 | Ossuary  | Entered an ossuary
  6064 | Ossuary  | Reached ***** piety under Trog
  6553 | D:8      | Reached skill level 13 in Axes
  6615 | D:8      | Found a burning altar of Makhleb.
  6812 | D:8      | Found a bloodstained altar of Trog.
  6861 | D:8      | Found a glowing golden altar of the Shining One.
  6980 | D:9      | Found a flagged portal.
  6987 | Bailey   | Entered a bailey
  7265 | D:9      | Paralysed by a hornet for 2 turns
  7280 | D:9      | Reached skill level 14 in Axes
  7300 | D:9      | Noticed Erica
  7308 | D:9      | Killed Erica
  7381 | D:9      | Reached XP level 11. HP: 49/86 MP: 11/11
  7610 | D:9      | Found a staircase to the Lair.
  7803 | D:9      | Found a sacrificial altar of Ru.
  8235 | D:10     | Entered Level 10 of the Dungeon
  8577 | D:10     | Noticed a boulder beetle
  8600 | D:10     | Killed a boulder beetle
  8601 | D:10     | Reached skill level 15 in Axes
  8654 | D:10     | Noticed a cyan ugly thing
  8662 | D:10     | Noticed a tengu warrior
  8665 | D:10     | Noticed a centaur warrior
  8675 | D:10     | Noticed a fire dragon
  8676 | D:10     | Killed a cyan ugly thing
  8677 | D:10     | Reached skill level 1 in Evocations
  8683 | D:10     | Killed a tengu warrior
  8684 | D:10     | Noticed a centaur warrior
  8686 | D:10     | Killed a centaur warrior
  8686 | D:10     | Identified the +8 executioner's axe of Hiczoico {flame,
                  | rPois} (Trog gifted it to you on level 10 of the Dungeon)
  8686 | D:10     | Received a gift from Trog
  8689 | D:10     | Killed a fire dragon
  8693 | D:10     | Noticed a death drake
  8697 | D:10     | Killed a centaur warrior
  8705 | D:10     | Killed a death drake
  8861 | D:10     | Noticed a five-headed hydra
  8878 | D:10     | Noticed a tengu warrior
  9122 | D:10     | Found a faded altar of an unknown god.
  9122 | D:10     | Found a faded altar of an unknown god.
  9122 | D:10     | Found a hazy altar of Hepliaklqana.
  9203 | D:10     | Noticed a deep elf pyromancer
  9208 | D:10     | Killed a deep elf pyromancer
  9209 | D:10     | Reached skill level 1 in Throwing
  9209 | D:10     | Reached XP level 12. HP: 99/99 MP: 12/12
  9320 | D:10     | Reached skill level 5 in Fighting
  9367 | D:10     | Killed a tengu warrior
  9405 | D:10     | Noticed a two-headed ogre
  9415 | D:10     | Killed a two-headed ogre
  9488 | D:10     | Noticed a two-headed ogre
  9495 | D:10     | Killed a two-headed ogre
  9557 | D:10     | Reached skill level 5 in Evocations
  9896 | D:11     | Found a staircase to the Orcish Mines.
  9911 | D:11     | You fall into a shaft and drop 1 floor!
 10021 | D:12     | Identified the +0 ring mail of Creativity {rF++ Str+5
                  | Int+2}
 10051 | D:12     | Found a gate leading to a gauntlet.
 10058 | Gauntlet | Entered a Gauntlet
 10058 | Gauntlet | Found a large runed translucent door.
 10058 | Gauntlet | Found a large runed translucent door.
 10058 | Gauntlet | Found a large runed translucent door.
 10058 | Gauntlet | Found a large runed translucent door.
 10058 | Gauntlet | Found a large runed translucent door.
 10058 | Gauntlet | Found a large runed translucent door.
 10058 | Gauntlet | Found a runed translucent door.
 10058 | Gauntlet | Found a transporter.
 10058 | Gauntlet | Found a transporter.
 10058 | Gauntlet | Found a runed translucent door.
 10058 | Gauntlet | Found a large runed translucent door.
 10058 | Gauntlet | Found a large runed translucent door.
 10058 | Gauntlet | Found a large runed translucent door.
 10058 | Gauntlet | Found a large runed translucent door.
 10058 | Gauntlet | Found a large runed translucent door.
 10058 | Gauntlet | Found a large runed translucent door.
 10062 | Gauntlet | Found a transporter.
 10062 | Gauntlet | Found a transporter.
 10086 | Gauntlet | Found a transporter.
 10096 | Gauntlet | Found a transporter.
 10096 | Gauntlet | Found a transporter.
 10102 | Gauntlet | Found a transporter.
 10115 | Gauntlet | Noticed an entropy weaver
 10131 | Gauntlet | Found a transporter.
 10138 | Gauntlet | Found a transporter.
 10151 | Gauntlet | Found a large runed translucent door.
 10152 | Gauntlet | Found a large runed translucent door.
 10154 | Gauntlet | Found a runed translucent gate.
 10155 | Gauntlet | Found a runed translucent gate.
 10156 | Gauntlet | Found a transporter.
 10156 | Gauntlet | Found a runed translucent gate.
 10174 | Gauntlet | Found a large runed translucent door.
 10175 | Gauntlet | Found a large runed translucent door.
 10202 | Gauntlet | Found a transporter.
 10216 | Gauntlet | Found a transporter.
 10307 | Gauntlet | Found a transporter.
 10316 | Gauntlet | Found a transporter.
 10332 | Gauntlet | Found a transporter.
 10417 | Gauntlet | Gained mutation: Your flesh is cold resistant. (rC+) [a
                  | shining eye]
 10429 | Gauntlet | Gained mutation: You are vulnerable to heat. (rF-) [a
                  | shining eye]
 10529 | Gauntlet | Noticed a jorogumo
 10541 | Gauntlet | Identified the +2 hat of Noughts and Crosses {+Blink
                  | Slay+2}
 10627 | Gauntlet | Noticed a minotaur
 10639 | Gauntlet | Killed a minotaur
 10740 | D:12     | Reached skill level 16 in Axes
 10769 | D:12     | Received a gift from Trog
 10966 | D:12     | Found an iron altar of Okawaru.
 11144 | D:12     | Noticed Erolcha
 11146 | Abyss:1  | Found a corrupted altar of Lugonu.
 11146 | Abyss:1  | Cast into level 1 of the Abyss (Erolcha)
 11160 | Abyss:1  | Found a corrupted altar of Lugonu.
 11220 | Abyss:1  | Noticed a death knight
 11497 | Abyss:1  | Noticed a starcursed mass
 11500 | Abyss:1  | Noticed a yellow draconian
 11517 | Abyss:1  | Killed a yellow draconian
 11525 | Abyss:1  | Reached XP level 13. HP: 62/112 MP: 13/13
 11530 | Abyss:1  | Reached skill level 5 in Throwing
 11693 | Abyss:1  | Noticed a green very ugly thing
 11697 | Abyss:1  | Demolished by a large abomination

Illustrated notes

Levels and vault maps discovered:
D:1:      nzn_arrival_depleted_hourglass, layout_loops_ring
D:2:      layout_basic, uniq_robin, uniq_jessica
D:3:      layout_loops_corners, vehumet_altar_wand_db,
          nicolae_overflow_hidden_temple, chequers_serial_rivers_room_a
D:4:      layout_cave_pools, nicolae_gozag_seed_capital,
          nemelex_spade_bored_becter, hangedman_decor_push,
          minmay_quadrilaterals, uniq_duvessa
D:5:      layout_rooms, minmay_temple_entry_glassed_door, serial_shops,
          nicolae_shop_stone, nicolae_nh_oracle_at_delphi
D:6:      minmay_clustersquares, layout_loops_ring,
          nicolae_uskayaw_murder_on_the_dancefloor,
          mainiacjoe_overflow_surrounded_room, serial_shops, shop_statue,
          minmay_pentangle
D:7:      layout_basic, lemuel_tele_altar, serial_shops, shop_scrolls, shop,
          shop_statue, uniq_prince_ribbit1
D:8:      minmay_klotski, layout_basic, cheibriados_altar_1, tso_altar,
          demons_altar, lemuel_round_altar,
          lightli_ossuary_entry_decrepit_ruins, st_stairs_3
D:9:      layout_cave_pods, mainiacjoe_overflow_brackets,
          hellmonk_lair_entry_icy, enter_bailey_2, chequers_jeans, uniq_erica
D:10:     minmay_the_grid_square_5x5_4x4 [minmay_the_grid_square_5x5_inner_i,
          minmay_the_grid_square_5x5_broken_cross,
          minmay_the_grid_square_5x5_slash,
          minmay_the_grid_square_5x5_minivault, minmay_the_grid_square_5x5_c,
          minmay_the_grid_square_5x5_prize_open,
          minmay_the_grid_square_5x5_prize_junk,
          minmay_the_grid_square_5x5_two_walls_a,
          minmay_the_grid_square_5x5_three_walls,
          minmay_the_grid_square_5x5_prize_itemx,
          minmay_the_grid_square_5x5_prize_open,
          minmay_the_grid_square_5x5_bracketed,
          minmay_the_grid_square_5x5_checkered_sparse,
          minmay_the_grid_square_5x5_spiral,
          minmay_the_grid_square_5x5_intrusive_squares,
          minmay_the_grid_square_5x5_lines], layout_stronghold,
          nicolae_hepliaklqana_ecumenical_no_more
D:11:     layout_layer_cave, minmay_orc_entry_temple_small,
          minmay_joined_circles, uniq_lodul
D:12:     layout_basic, special_room [special_room_orc], serial_aquarium,
          aquarium_bridge_square [aquarium_subvault_window,
          aquarium_subvault_bridge, aquarium_subvault_bridge,
          aquarium_subvault_bridge], aquarium_bridge_long_separate
          [aquarium_subvault_wall, aquarium_subvault_bridge,
          aquarium_subvault_balcony, aquarium_subvault_bridge,
          aquarium_subvault_bridge, aquarium_subvault_bridge],
          aquarium_window_fake, aquarium_window_fake, aquarium_window_2,
          aquarium_view_2b, aquarium_view_2f, aquarium_balcony_1b,
          aquarium_pool_corner, gauntlet_entry_generic,
          okawaru_ov_weapons_minmay, uniq_erolcha
Abyss:1:  base: D:7, hangedman_abyss_monster_moat,
          hangedman_abyss_or_decor_slice

Skill      XL: |  1  2  3  4  5  6  7  8  9 10 11 12 13 |
---------------+----------------------------------------+-----
Axes           | 3 4 5 6 8 10 12 14 15 16 | 16.1
Fighting       | 4 7 |  7.1
Evocations     | 4 6 7 |  7.0
Throwing       | 1 4 5 |  5.0
Armour         | |  2.4
Dodging        | |  1.3

Action                     |  1- 3 |  4- 6 |  7- 9 | 10-12 | 13-15 || total
---------------------------+-------+-------+-------+-------+-------++-------
  Melee: Hand axe          |    71 |   133 |   180 |       |       ||   384
         Tailslap          |     8 |    10 |    33 |    93 |     5 ||   149
         Punch             |       |     1 |     2 |     7 |       ||    10
         War axe           |       |       |    68 |   606 |    22 ||   696
  Throw: Dart              |       |       |       |     6 |       ||     6
         Throwing net      |       |       |       |     1 |       ||     1
 Invoke: Berserk           |       |     1 |     2 |     5 |       ||     8
  Evoke: Wand              |       |       |       |     9 |       ||     9
         Phantom mirror    |       |       |       |     1 |       ||     1
         Tin of tremorston |       |       |       |     1 |       ||     1
    Use: Scroll            |       |       |     5 |    13 |     3 ||    21
         Potion            |       |       |     1 |     3 |     3 ||     7
   Stab: Sleeping          |     1 |       |       |       |       ||     1
         Confused          |       |       |     1 |       |       ||     1
         Invisible         |       |       |       |     2 |       ||     2
 Armour: Animal skin       |    10 |       |       |       |       ||    10
         Chain mail        |    23 |       |       |       |       ||    23
         Robe              |     2 |    30 |    81 |    87 |       ||   200
         Acid dragon scale |       |       |       |   131 |       ||   131
         Ring mail         |       |       |       |    43 |    16 ||    59
  Dodge: Dodged            |    44 |    68 |   156 |   360 |    19 ||   647

Table legend: (Time is in decaauts)
 A = Elapsed time spent in this place.
 B = Non-inter-level travel time spent in this place.
 C = Inter-level travel time spent in this place.
 D = Time resting spent in this place.
 E = Time spent auto-exploring this place.
 F = Levels seen in this place.
 G = Mean time per level.
                   A        B        C        D        E       F      G
               +--------+--------+--------+--------+--------+-----+--------+
         Total |  11617 |  11124 |    493 |    569 |   7951 |  16 |  726.1 |
       Dungeon |   9896 |   9403 |    493 |    529 |   6999 |  12 |  824.7 |
         Abyss |    545 |    545 |      0 |     40 |    331 |   1 |  545.0 |
       Ossuary |    329 |    329 |      0 |      0 |    220 |   1 |  329.0 |
        Bailey |    228 |    228 |      0 |      0 |     61 |   1 |  228.0 |
      Gauntlet |    617 |    617 |      0 |      0 |    340 |   1 |  617.0 |
               +--------+--------+--------+--------+--------+-----+--------+

Top non-repeatable levels by time:
    D:10: 1556 daAuts
     D:6: 1205 daAuts
     D:9: 1100 daAuts
     D:3: 978 daAuts
     D:7: 947 daAuts
     D:1: 865 daAuts
     D:8: 716 daAuts
     D:5: 657 daAuts
     D:4: 638 daAuts
Gauntlet: 617 daAuts
    D:12: 596 daAuts
     D:2: 556 daAuts
 Abyss:1: 545 daAuts
 Ossuary: 329 daAuts
  Bailey: 228 daAuts
